3AAA
HAMILTON COYOTES @ PORT ROYAL DISASTER
06/30/2033
 
TOP OF THE 1ST
Hamilton Coyotes batting - Pitching for Port Royal Disaster : RHP Jeff Porter
Pitching: RHP Jeff Porter
Batting: RHB Júlio Robles 0-0: Foul Ball, location: 2F
0-1: Ball
1-1: Ball
2-1: Swinging Strike
2-2: Strikes out swinging
Batting: RHB Duane Wills 0-0: Fly out, F3 (Popup, 34S)
Batting: RHB Elia Amberezzio 0-0: Ball
1-0: Foul Ball, location: 2F
1-1: Foul Ball, location: 2F
1-2: Ball
2-2: Ball
3-2: Ground out 6-3 (Groundball, 6S)
Top of the 1st over - 0 runs, 0 hits, 0 errors, 0 left on base; Hamilton 0 - Port Royal 0
BOTTOM OF THE 1ST
Port Royal Disaster batting - Pitching for Hamilton Coyotes : RHP Héctor Aguilar
Pitching: RHP Héctor Aguilar
Batting: LHB Datu Lesaca 0-0: Ball
1-0: Reached via error on a dropped throw, E3
Batting: RHB Richard Cutshall 0-0: Called Strike
0-1: Ball
1-1: Swinging Strike
1-2: Ball
2-2: Strikes out swinging
Batting: LHB Vicente Gonzáles 0-0: Called Strike
Datu Lesaca steals 2nd base
0-1: Ball
1-1: Foul Ball, location: 2F
1-2: Ball
2-2: Fly out, F9 (Flyball, 9LSF)
Batting: LHB Bob Daugherty 0-0: Called Strike
0-1: Ground out U3 (Groundball, 3L)
Bottom of the 1st over - 0 runs, 0 hits, 1 error, 1 left on base; Hamilton 0 - Port Royal 0
TOP OF THE 2ND
Hamilton Coyotes batting - Pitching for Port Royal Disaster : RHP Jeff Porter
Batting: RHB Dani Trejo 0-0: Swinging Strike
0-1: Ground out 3-1 (Groundball, 34S)
Batting: RHB Jim Scott 0-0: Fly out, F7 (Flyball, 7LSF)
Batting: RHB Warren Martin 0-0: Ball
1-0: Foul Ball, location: 2F
1-1: Swinging Strike
1-2: Ball
2-2: Ground out 3-1 (Groundball, 34)
Top of the 2nd over - 0 runs, 0 hits, 0 errors, 0 left on base; Hamilton 0 - Port Royal 0
BOTTOM OF THE 2ND
Port Royal Disaster batting - Pitching for Hamilton Coyotes : RHP Héctor Aguilar
Batting: RHB Gary Chalmers 0-0: Called Strike
0-1: Ball
1-1: Called Strike
1-2: Ball
2-2: Ball
3-2: Strikes out looking
Batting: RHB Manuel Becerra 0-0: Called Strike
0-1: Ball
1-1: Foul Ball, location: 2F
1-2: Ball
2-2: Foul Ball, location: 2F
2-2: Ball
3-2: Foul Ball, location: 2F
3-2: Strikes out looking
Batting: LHB Ricky Payton 0-0: Swinging Strike
0-1: Ball
1-1: Called Strike
1-2: SINGLE (Groundball, 6MD)
Batting: RHB Steve Bock 0-0: Ball
1-0: Called Strike
1-1: SINGLE (Groundball, 56S) (infield hit)
Ricky Payton to second
Batting: RHB Michael Brannon 0-0: Ball
1-0: Ball
2-0: Ball
3-0: Hit by Pitch
Ricky Payton to third
Steve Bock to second
Batting: LHB Datu Lesaca 0-0: Called Strike
0-1: Ground out 4-3 (Groundball, 4)
Bottom of the 2nd over - 0 runs, 2 hits, 0 errors, 3 left on base; Hamilton 0 - Port Royal 0
TOP OF THE 3RD
Hamilton Coyotes batting - Pitching for Port Royal Disaster : RHP Jeff Porter
Batting: LHB Scot Willis 0-0: Ball
1-0: Called Strike
1-1: Ball
2-1: Called Strike
2-2: Foul Ball, location: 2F
2-2: Ball
3-2: Ground out 6-3 (Groundball, 6M)
Batting: RHB Brandon Carroll 0-0: Fly out, F7 (Flyball, 7S)
Batting: LHB Tony Rodríguez 0-0: Ball
1-0: Ball
2-0: Ball
3-0: Base on Balls
Batting: RHB Júlio Robles 0-0: Ball
1-0: DOUBLE (Groundball, 5L)
Tony Rodríguez to third
Runner from 3rd tries for Home, SAFE, no throw
Batting: RHB Duane Wills 0-0: Ball
1-0: Ball
2-0: Called Strike
Júlio Robles is caught stealing 3rd base
Top of the 3rd over - 1 run, 1 hit, 0 errors, 0 left on base; Hamilton 1 - Port Royal 0
BOTTOM OF THE 3RD
Port Royal Disaster batting - Pitching for Hamilton Coyotes : RHP Héctor Aguilar
Batting: RHB Richard Cutshall 0-0: Called Strike
0-1: Foul Ball, location: 2F
0-2: Ground out 4-3 (Groundball, 4)
Batting: LHB Vicente Gonzáles 0-0: Called Strike
0-1: DOUBLE (Line Drive, 9LD)
Batting: LHB Bob Daugherty 0-0: Ground out 4-3 (Groundball, 34D)
Vicente Gonzáles to third
Batting: RHB Gary Chalmers 0-0: Ground out 4-3 (Groundball, 4)
Bottom of the 3rd over - 0 runs, 1 hit, 0 errors, 1 left on base; Hamilton 1 - Port Royal 0
TOP OF THE 4TH
Hamilton Coyotes batting - Pitching for Port Royal Disaster : RHP Jeff Porter
Batting: RHB Duane Wills 0-0: Ball
1-0: Ball
2-0: SINGLE (Groundball, 4D)
Batting: RHB Elia Amberezzio 0-0: Ball
1-0: SINGLE (Groundball, 6MD)
Duane Wills to second
Batting: RHB Dani Trejo 0-0: Foul Ball, location: 2F
0-1: Ball
1-1: Foul Ball, location: 2F
1-2: SINGLE (Groundball, 34D)
Duane Wills to third
Elia Amberezzio to second
Batting: RHB Jim Scott 0-0: Ball
1-0: Fly out, F8 (Flyball, 8RM)
Runner from 3rd tags up, SCORES, throw made
Batting: RHB Warren Martin 0-0: Ball
1-0: Ball
2-0: Ball
3-0: Base on Balls
Elia Amberezzio to third
Dani Trejo to second
Batting: LHB Scot Willis 0-0: Grounds into double play, 6-4-3 (Groundball, 6)
Top of the 4th over - 1 run, 3 hits, 0 errors, 2 left on base; Hamilton 2 - Port Royal 0
BOTTOM OF THE 4TH
Port Royal Disaster batting - Pitching for Hamilton Coyotes : RHP Héctor Aguilar
Batting: RHB Manuel Becerra 0-0: Called Strike
0-1: Ball
1-1: Swinging Strike
1-2: Strikes out looking
Batting: LHB Ricky Payton 0-0: Ball
1-0: Ball
2-0: Ground out 6-3 (Groundball, 6)
Batting: RHB Steve Bock 0-0: Called Strike
0-1: Foul Ball, location: 2F
0-2: SINGLE (Line Drive, 8LS)
Batting: RHB Michael Brannon 0-0: Ball
1-0: Foul Ball, location: 2F
1-1: Swinging Strike
1-2: Ball
2-2: Foul Ball, location: 2F
2-2: Fly out, F9 (Flyball, 89S)
Bottom of the 4th over - 0 runs, 1 hit, 0 errors, 1 left on base; Hamilton 2 - Port Royal 0
TOP OF THE 5TH
Hamilton Coyotes batting - Pitching for Port Royal Disaster : RHP Jeff Porter
Batting: RHB Brandon Carroll 0-0: Swinging Strike
0-1: Ground out 3-1 (Groundball, 34S)
Batting: LHB Tony Rodríguez 0-0: Swinging Strike
0-1: Foul Ball, location: 2F
0-2: Strikes out looking
Batting: RHB Júlio Robles 0-0: Called Strike
0-1: Ball
1-1: Swinging Strike
1-2: Strikes out swinging
Top of the 5th over - 0 runs, 0 hits, 0 errors, 0 left on base; Hamilton 2 - Port Royal 0
BOTTOM OF THE 5TH
Port Royal Disaster batting - Pitching for Hamilton Coyotes : RHP Héctor Aguilar
Batting: LHB Datu Lesaca 0-0: Ball
1-0: Ball
2-0: Ball
3-0: Base on Balls
Batting: RHB Richard Cutshall 0-0: Ball
Datu Lesaca is caught stealing 2nd base
1-0: Ground out 3-1 (Groundball, 34)
Batting: LHB Vicente Gonzáles 0-0: Foul Ball, location: 2F
0-1: Foul Ball, location: 2F
0-2: Foul Ball, location: 2F
0-2: Foul Ball, location: 2F
0-2: Strikes out looking
Bottom of the 5th over - 0 runs, 0 hits, 0 errors, 0 left on base; Hamilton 2 - Port Royal 0
TOP OF THE 6TH
Hamilton Coyotes batting - Pitching for Port Royal Disaster : RHP Jeff Porter
Batting: RHB Duane Wills 0-0: Ball
1-0: SINGLE (Groundball, 4M) (infield hit)
Batting: RHB Elia Amberezzio 0-0: Ball
1-0: Ball
2-0: Called Strike
2-1: Foul Ball, location: 2F
2-2: Ball
3-2: Grounds into double play, 5-4-3 (Groundball, 56)
Batting: RHB Dani Trejo 0-0: Ground out 6-3 (Groundball, 6M)
Top of the 6th over - 0 runs, 1 hit, 0 errors, 0 left on base; Hamilton 2 - Port Royal 0
BOTTOM OF THE 6TH
Port Royal Disaster batting - Pitching for Hamilton Coyotes : RHP Héctor Aguilar
Batting: LHB Bob Daugherty 0-0: Ball
1-0: Swinging Strike
1-1: Swinging Strike
1-2: Foul Ball, location: 2F
1-2: Ball
2-2: Strikes out looking
Batting: RHB Gary Chalmers 0-0: SINGLE (Groundball, 34D)
Batting: RHB Manuel Becerra 0-0: Called Strike
0-1: Called Strike
0-2: Strikes out swinging
Pitching: LHP Francisco Jiménez
Batting: LHB Ricky Payton 0-0: Foul Ball, location: 2F
0-1: Foul Ball, location: 2F
0-2: Strikes out swinging
Bottom of the 6th over - 0 runs, 1 hit, 0 errors, 1 left on base; Hamilton 2 - Port Royal 0
TOP OF THE 7TH
Hamilton Coyotes batting - Pitching for Port Royal Disaster : RHP Jeff Porter
Batting: RHB Jim Scott 0-0: Called Strike
0-1: Ground out 5-3 (Groundball, 56)
Batting: RHB Warren Martin 0-0: SINGLE (Line Drive, 9S)
Batting: LHB Scot Willis 0-0: Called Strike
0-1: Ball
1-1: Grounds into double play, 6-4-3 (Groundball, 6M)
Top of the 7th over - 0 runs, 1 hit, 0 errors, 0 left on base; Hamilton 2 - Port Royal 0
BOTTOM OF THE 7TH
Port Royal Disaster batting - Pitching for Hamilton Coyotes : LHP Francisco Jiménez
Batting: RHB Steve Bock 0-0: Ball
1-0: Called Strike
1-1: Foul Ball, location: 2F
1-2: Ball
2-2: Foul Ball, location: 2F
2-2: Strikes out swinging
Batting: RHB Michael Brannon 0-0: Called Strike
0-1: Foul Ball, location: 2F
0-2: SINGLE (Groundball, 25) (infield hit)
Batting: LHB Datu Lesaca 0-0: Swinging Strike
0-1: Called Strike
0-2: SINGLE (Groundball, 3D)
Michael Brannon to second
Runner from 2nd tries for 3rd, SAFE, no throw
Batting: RHB Richard Cutshall 0-0: Ball
1-0: Fielders Choice at 2nd, 4-6 (Groundball, 4)
Michael Brannon scores
Pinch Hitting: RHB Rafael Arredondo 0-0: Ball
1-0: Ball
2-0: Swinging Strike
2-1: Foul Ball, location: 2F
2-2: Strikes out swinging
Bottom of the 7th over - 1 run, 2 hits, 0 errors, 1 left on base; Hamilton 2 - Port Royal 1
TOP OF THE 8TH
Hamilton Coyotes batting - Pitching for Port Royal Disaster : RHP Jeff Porter
Now at 1B: Rafael Arredondo
Batting: RHB Brandon Carroll 0-0: Ball
1-0: Foul Ball, location: 2F
1-1: Called Strike
1-2: Strikes out looking
Batting: LHB Tony Rodríguez 0-0: Called Strike
0-1: Swinging Strike
0-2: Strikes out swinging
Batting: RHB Júlio Robles 0-0: Ball
1-0: SINGLE (Line Drive, 8RS)
Pinch Hitting: LHB José Gómez 0-0: Called Strike
0-1: Foul Ball, location: 2F
0-2: Fly out, F8 (Flyball, 78M)
Top of the 8th over - 0 runs, 1 hit, 0 errors, 1 left on base; Hamilton 2 - Port Royal 1
BOTTOM OF THE 8TH
Port Royal Disaster batting - Pitching for Hamilton Coyotes : LHP Francisco Jiménez
Now at 2B: Ernest Daniels
Batting: LHB Bob Daugherty 0-0: Foul Ball, location: 2F
0-1: Foul Ball, location: 2F
0-2: Ball
1-2: Ball
2-2: Ball
3-2: Base on Balls
Pitching: RHP Ed Maresh
Batting: RHB Gary Chalmers 0-0: Ball
1-0: Ball
2-0: Called Strike
2-1: Called Strike
2-2: Ball
3-2: Strikes out swinging
Batting: RHB Manuel Becerra 0-0: Ball
1-0: Ball
2-0: Ball
3-0: Called Strike
3-1: Base on Balls
Bob Daugherty to second
Batting: LHB Ricky Payton 0-0: Called Strike
0-1: Swinging Strike
0-2: Foul Ball, location: 2F
0-2: Strikes out swinging
Batting: RHB Steve Bock 0-0: Swinging Strike
0-1: Ball
1-1: Fly out, F4 (Popup, 4)
Bottom of the 8th over - 0 runs, 0 hits, 0 errors, 2 left on base; Hamilton 2 - Port Royal 1
TOP OF THE 9TH
Hamilton Coyotes batting - Pitching for Port Royal Disaster : RHP Jeff Porter
Pitching: LHP Paco Salazar
Batting: RHB Elia Amberezzio 0-0: Ball
1-0: Called Strike
1-1: Fly out, F8 (Flyball, 8LM)
Batting: RHB Dani Trejo 0-0: Called Strike
0-1: Ball
1-1: Ball
2-1: Foul Ball, location: 2F
2-2: Strikes out swinging
Batting: RHB Jim Scott 0-0: Ball
1-0: Ball
2-0: Ball
3-0: Called Strike
3-1: Swinging Strike
3-2: Foul Ball, location: 2F
3-2: Fly out, F6 (Line Drive, 6M)
Top of the 9th over - 0 runs, 0 hits, 0 errors, 0 left on base; Hamilton 2 - Port Royal 1
BOTTOM OF THE 9TH
Port Royal Disaster batting - Pitching for Hamilton Coyotes : RHP Ed Maresh
Pitching: RHP Yosuke Takahashi
Now in CF: Tommy Sullivan
Batting: RHB Michael Brannon 0-0: Ball
1-0: Ball
2-0: SINGLE (Groundball, 34D)
Batting: LHB Datu Lesaca 0-0: Called Strike
0-1: Ball
1-1: Ball
2-1: Foul Ball, location: 2F
2-2: Foul Ball, location: 2F
2-2: Grounds into double play, 4-6-3 (Groundball, 34)
Batting: RHB Richard Cutshall 0-0: Ball
1-0: Ground out 6-3 (Groundball, 6)
Bottom of the 9th over - 0 runs, 1 hit, 0 errors, 0 left on base; Hamilton 2 - Port Royal 1
Saturday, December 22nd, 2018 - OOTP Baseball 18.8 Build 76